 Dungeon Crawl Stone Soup version 0.27.1-33-g824d729ab1 (webtiles) character file.

Game seed: 150498987182399162

72 AbnerMallety the Magician (level 4, -2/31 HPs)
             Began as a Djinni Fire Elementalist on Dec 26, 2021.
             Slain by an adder (3 damage)
             ... on level 3 of the Dungeon.
             The game lasted 00:05:48 (2123 turns).

AbnerMallety the Magician (DjFE)                    Turns: 2123, Time: 00:05:49

Health: -2/31      AC:  2    Str:  7    XL:     4   Next: 48%
Gold:   34         EV: 12    Int: 17    God:
                   SH:  5    Dex: 14

rFire    + + .     SeeInvis .   b - +0 dagger (speed)
rCold    x . .     Faith    .   (no shield)
rNeg     . . .     Spirit   .   a - +0 robe
rPois    ∞         Reflect  +   (no helmet)
rElec    .         Harm     .   (no cloak)
rCorr    .         Rampage  .   (no gloves)
Will     .....                  (boots unavailable)
Stlth    ++........             c - amulet of reflection
HPRegen  0.10/turn              (no ring)
MPRegen  0.00/turn              (no ring)

@: flying
A: sickness immunity, fire resistance 2, cold vulnerability 1, float, innate
caster, hp casting, extra vitality 1
a: no special abilities


You were on level 3 of the Dungeon.
You visited 1 branch of the dungeon, and saw 3 of its levels.

You collected 84 gold pieces.
You spent 50 gold pieces at shops.

Inventory:

Hand Weapons
 b - a +0 dagger of speed (weapon)
 g - a +0 club
Missiles
 d - a throwing net
Armour
 a - a +0 robe (worn)
Jewellery
 c - an amulet of reflection (around neck)
 f - a ring of positive energy
 i - a ring of protection from fire
Scrolls
 e - 2 scrolls of magic mapping {unknown}
 h - 3 scrolls of identify {unknown}


   Skills:
 + Level 2.6 Dodging
 + Level 1.8 Stealth
 * Level 0.3 Shields
 * Level 3.6 Spellcasting


You couldn't memorise any spells.
You knew the following spells:

 Your Spells              Type           Power      Damage    Failure   Level
a - Foxfire               Conj/Fire      60%        2x1d7     3%          1
b - Conjure Flame         Conj/Fire      15%        6-21      11%         3
c - Inner Flame           Hex/Fire       15%        N/A       11%         3
d - Sticky Flame          Conj/Fire      15%        2d4       36%         4
e - Fireball              Conj/Fire      7%         3d5       71%         5
f - Sting                 Tmut/Pois      60%        1d6       3%          1
Your spell library was empty.

Dungeon Overview and Level Annotations

Branches:
Dungeon (3/15)

Altars:
Qazlal

Shops:
D:3 *


Innate Abilities, Weirdness & Mutations

You are immune to sickness and miasma.
You are immune to poison.
Your flesh is very heat resistant. (rF++)
You are vulnerable to cold. (rC-)
You float through the air rather than walking.
You learn spells naturally, not from books.
Your magical power is your life essence.
You have superior vitality. (+4 HP)


Message History

The orc is heavily wounded.
The orc hits you with a +1 vorpal mace!
* * * LOW HITPOINT WARNING * * *
x2
Casting: Foxfire (safe; 3% risk of failure)
Confirm with . or Enter, or press ? or * to list all spells.
You conjure some foxfire!
* * * LOW HITPOINT WARNING * * *
The adder barely misses you. The orc barely misses you.
The foxfire hits the orc.
You kill the orc!
The foxfire hits the adder but does no damage.
Casting: Foxfire (safe; 3% risk of failure)
Confirm with . or Enter, or press ? or * to list all spells.
You conjure some foxfire!
* * * LOW HITPOINT WARNING * * *
The adder barely misses you.
An orc priest comes into view.
It is wielding a +1 hand axe of freezing.
The adder closely misses you.
Your foxfire dissipates!
The foxfire hits the adder.
The adder is heavily wounded.
Casting: Foxfire (safe; 3% risk of failure)
Confirm with . or Enter, or press ? or * to list all spells.
You conjure some foxfire!
* * * LOW HITPOINT WARNING * * *
The adder bites you.
* * * LOW HITPOINT WARNING * * *
Your foxfire dissipates!
The foxfire hits the adder.
The adder is severely wounded.
Casting: Foxfire (safe; 3% risk of failure)
Confirm with . or Enter, or press ? or * to list all spells.
You don't have enough health to cast this spell.
Your hands tingle!
b - a +0 dagger of speed (weapon)
You block the adder's attack.
You closely miss the adder.
The adder is severely wounded.
The adder bites you.
You die...

##.#.#####..
#...# ##.###.##
#.. #...#
#.###.## ##.# #..
o..#
#......###..###..
#.=#
#######.#........
#..# #..##.####.
#..# #.###.# #.
#)o#########.#
#.# #.
#...S@..[....#
#.# #.
###.##########
#.# #. #.# #.# ..
..# #.# .# ....
#.# . .###. #.#
.. .# #.# ## .#
########.#
...###...#....#


You could see an orc priest and an adder.

Vanquished Creatures
  An adder (D:2)
  2 orcs (D:3)
  7 endoplasms
  3 giant cockroaches (D:2)
  4 goblins
  8 hobgoblins
  3 jackals (D:1)
  4 quokkas
  4 ball pythons
  7 bats
  4 frilled lizards
  4 kobolds
  3 rats
54 creatures vanquished.

Vanquished Creatures (others)
  138 foxfires
138 creatures vanquished.

Grand Total: 192 creatures vanquished

Notes
Turn   | Place    | Note
-------+----------+-------------------------------------------
     0 | D:1      | AbnerMallety the Djinni Fire Elementalist began the quest
                  | for the Orb.
     0 | D:1      | Reached XP level 1. HP: 15/15 MP: 0/0
   211 | D:1      | Reached XP level 2. HP: 16/21 MP: 0/0
   507 | D:1      | Reached skill level 3 in Spellcasting
   597 | D:1      | Found a faded altar of an unknown god.
   844 | D:1      | Reached XP level 3. HP: 23/25 MP: 0/0
   844 | D:1      | Learned a level 1 spell: Sting
  1578 | D:2      | Reached XP level 4. HP: 30/31 MP: 0/0
  1989 | D:3      | Found Orezxy's Assorted Antiques.
  1998 | D:3      | Bought a scroll labelled EJAORE GETE for 25 gold pieces
  1998 | D:3      | Bought a scroll labelled MUCOTY MOGISUDD for 25 gold pieces
  2007 | D:3      | Found a stormy altar of Qazlal.
  2120 | D:3      | HP: 1/31 [adder (5)]
  2123 | D:3      | Slain by an adder

Illustrated notes

Levels and vault maps discovered:
D:1:      minmay_arrival_widening_spiral_wide, layout_basic,
          chequers_ecumenical_altar_simple_redux
D:2:      layout_rooms, wander_ebering_terrifying_dragon_lair
D:3:      layout_loops_ring, nicolae_qazlal_scattered_showers, serial_shops,
          shop_fountains, amcnicky_mini_rare_corridor_liquid,
          kennysheep_generic_room_9, uniq_purgy

Skill      XL: |  1  2 |
---------------+-------+-----
Spellcasting   | 3 |  3.6
Dodging        | |  2.6
Stealth        | |  1.8
Shields        | |  0.3

Action                   |  1- 3 |  4- 6 || total
-------------------------+-------+-------++-------
Melee: Unarmed           |     2 |     2 ||     4
       Dagger            |       |     1 ||     1
 Cast: Foxfire           |    62 |    19 ||    81
Armor: Robe              |     4 |       ||     4
Dodge: Dodged            |    20 |    14 ||    34
Block: Other             |     7 |     6 ||    13
